 Dungeon Crawl Stone Soup version 0.28.0-45-g0d030f2227 (webtiles) character file.

Game seed: 11496231196423798290

144 brightshaft the Chopper (level 5, -3/47 HPs)
             Began as a Hill Orc Monk on Mar 16, 2022.
             Slain by a river rat (6 damage)
             ... summoned by Eustachio
             ... on level 4 of the Dungeon on Apr 12, 2022.
             The game lasted 00:05:24 (2600 turns).

brightshaft the Chopper (Hill Orc Monk)             Turns: 2600, Time: 00:05:25

Health: -3/47      AC: 10    Str: 16      XL:     5   Next: 27%
Magic:  0/5        EV:  7    Int: 10      God:
Gold:   105        SH:  0    Dex:  6 (13) Spells: 4/4 levels left

rFire   . . .      SeeInvis .   a - +0 hand axe
rCold   . . .      Faith    .   (no shield)
rNeg    . . .      Spirit   +   k - +0 chain mail
rPois   .          Reflect  .   (no helmet)
rElec   .          Harm     .   (no cloak)
rCorr   .          Rampage  .   (no gloves)
Will    .....                   h - +1 pair of boots
Stlth   ..........              f - amulet of guardian spirit
HPRegen 0.15/turn               (no ring)
MPRegen 0.09/turn               (no ring)

@: no status effects
A: no striking features
a: no special abilities


You were on level 4 of the Dungeon.
You visited 1 branch of the dungeon, and saw 4 of its levels.

You collected 105 gold pieces.

Inventory:

Hand Weapons
 a - a +0 hand axe (weapon)
Armour
 b - a +0 robe
 c - a +0 scale mail
 h - a +1 pair of boots (worn)
 k - a +0 chain mail (worn)
Jewellery
 f - an amulet of guardian spirit (around neck)
 n - an amulet of regeneration
Wands
 s - a wand of flame (18) {@v2}
Scrolls
 g - a scroll of fear {unknown}
 j - 2 scrolls of teleportation {unknown}
 m - a scroll of magic mapping {unknown}
 o - 2 scrolls of enchant armour {unknown}
 p - a scroll of immolation {unknown}
 q - a scroll of summoning {unknown}
Potions
 d - a potion of mutation {unknown}
 e - a potion of curing {unknown}
 i - a potion of invisibility {unknown}
 l - 2 potions of flight {unknown}
 r - a potion of cancellation {unknown}


   Skills:
 + Level 4.4 Fighting
 * Level 5.8 Axes
 + Level 2.0 Armour
 + Level 3.0 Dodging
 - Level 1.6 Stealth


You had 4 spell levels left.
You didn't know any spells.
Your spell library contained the following spells:

 Spells                   Type           Power      Damage    Failure   Level
 Animate Skeleton         Necr           0%         N/A       100%        1
 Apportation              Tloc           0%         N/A       100%        1
 Summon Small Mammal      Summ           0%         N/A       100%        1
 Alistair's Intoxication  Tmut/Pois      0%         N/A       100%        5


Dungeon Overview and Level Annotations

Branches:
Dungeon (4/15)
 Temple: D:4-7

Altars:
Zin

Annotations:
D:4 Eustachio


Message History

The quasit barely misses you.
The quasit bites you but does no damage.
The quasit claws you but does no damage. x2
The river rat barely misses you.
You barely miss the quasit.
The quasit is severely wounded.
You closely miss the river rat. You hit the quasit.
The quasit barely misses you. x2
The quasit claws you but does no damage.
The quasit bites you but does no damage.
The quasit barely misses you. The quasit claws you.
* * * LOW HITPOINT WARNING * * *
You feel clumsy. The river rat barely misses you.
The quasit bites you but does no damage.
The quasit claws you but does no damage.
The quasit barely misses you.
The quasit bites you but does no damage.
The quasit claws you but does no damage.
The quasit barely misses you.
You hit the quasit.
You kill the quasit!
The quasit disappears in a puff of smoke!
You hit the quasit. You barely miss the river rat.
The quasit barely misses you.
The quasit claws you but does no damage.
The quasit claws you.
* * * LOW HITPOINT WARNING * * *
You feel clumsy.
Eustachio gestures wildly while chanting.
The river rat bites you but does no damage.
You hit the ufetubus.
The ufetubus is severely wounded.
You hit the quasit.
You kill the quasit!
The quasit disappears in a puff of smoke!
You closely miss the river rat.
The ufetubus hits you but does no damage. x2
The river rat bites you.
You die...

#.# #.# #.# #.# #.#
#.# #####.##########
#
#.......(....r§####
###.##...#######@#..
....#.....# #5#.#
######...## #@#.###
# ##.## #r5...# #
#.# ###.#.# # #.# .#
## # ##@## .. . #
##...## ##.#
##.§...## ######.#


You could see Eustachio, a quasit (summoned), a river rat (summoned), an
ufetubus (summoned) and a quokka (summoned).

Vanquished Creatures
  A scorpion (D:4)
  A hound (D:4)
  An adder (D:3)
  A dart slug (D:1)
  2 orcs
  4 ball pythons
  6 endoplasms
  5 giant cockroaches
  2 goblins
  3 hobgoblins
  2 quokkas
  5 bats
  7 frilled lizards
  5 kobolds
  3 rats
48 creatures vanquished.

Notes
Turn   | Place    | Note
-------+----------+-------------------------------------------
     0 | D:1      | brightshaft the Hill Orc Monk began the quest for the Orb.
     0 | D:1      | Reached XP level 1. HP: 19/19 MP: 1/1
   278 | D:1      | Reached XP level 2. HP: 26/27 MP: 2/2
  1042 | D:2      | Reached XP level 3. HP: 27/33 MP: 3/3
  1237 | D:2      | Reached skill level 1 in Armour
  1477 | D:2      | You fall into a shaft and drop 1 floor!
  1551 | D:3      | Found a glowing silver altar of Zin.
  1932 | D:3      | Reached skill level 5 in Axes
  1949 | D:3      | Upgraded the game from 0.28.0-43-g3370ac3207 to
                  | 0.28.0-45-g0d030f2227
  2068 | D:4      | Reached XP level 4. HP: 40/40 MP: 4/4
  2228 | D:4      | Noticed a scorpion
  2241 | D:4      | Killed a scorpion
  2242 | D:4      | Reached XP level 5. HP: 22/47 MP: 2/5
  2438 | D:4      | Noticed Eustachio
  2600 | D:4      | Slain by a river rat

Illustrated notes

Levels and vault maps discovered:
D:1:      minmay_arrival_solitary_statue, layout_rooms,
          chequers_serial_rivers_room_a, chequers_serial_rivers_micro_a,
          minmay_pentomino_v4
D:2:      layout_basic, shapermc_ecumenical_altar_mp_vishouse, chequers_jeans,
          uniq_crazy_yiuf_cottage
D:3:      minmay_evil_eye, layout_basic, zin_statuary
D:4:      layout_loops_corners, uniq_eustachio

Skill      XL: |  1  2  3  4 |
---------------+-------------+-----
Fighting       | 4 |  4.4
Armour         | 1 2 |  2.0
Axes           | 5 |  5.8
Dodging        | 3 |  3.0
Stealth        | |  1.6

Action                   |  1- 3 |  4- 6 || total
-------------------------+-------+-------++-------
Melee: Hand axe          |   185 |    37 ||   222
       Unarmed           |       |    31 ||    31
Armor: Scale mail        |    79 |       ||    79
       Chain mail        |     1 |    75 ||    76
       Skin              |       |     8 ||     8
Dodge: Dodged            |   108 |   115 ||   223
